 Dungeon Crawl Stone Soup version 0.27-a0-380-g150de4c316 (webtiles) character file.

Game seed: 7242293433861408710

10681 rednaxela the Impaler (level 11, -24/79 HPs)
             Began as a Formicid Abyssal Knight on Feb 18, 2021.
             Was a High Priest of Lugonu.
             Annihilated by a boulder beetle (43 damage)
             ... on level 11 of the Dungeon.
             The game lasted 00:38:34 (16572 turns).

rednaxela the Impaler (Formicid Abyssal Knight)    Turns: 16572, Time: 00:38:35

Health: -24/79     AC:  9    Str: 19    XL:     11   Next: 97%
Magic:  14/14      EV: 11    Int: 12    God:    Lugonu [*****.]
Gold:   341        SH: 10    Dex: 17    Spells: 10/10 levels left

rFire    + + .     SeeInvis +   s - +2 halberd (vorpal)
rCold    + . .     Faith    .   F - +0 buckler
rNeg     . . .     Spirit   .   z - +0 swamp dragon scales
rPois    +         Reflect  +   (helmet unavailable)
rElec    .         Harm     .   m - scarf {rC+ rF+}
rCorr    .         Rampage  .   E - +0 pair of gloves
Will     +....                  (no boots)
Stlth    +.........             g - amulet of reflection
HPRegen  0.23/turn              a - ring of protection from fire
MPRegen  0.14/turn              k - +6 ring of dexterity

@: no status effects
A: permanent stasis, dig shafts and tunnels, four strong arms, antennae 3
a: Dig, Shaft Self, Renounce Religion, Depart the Abyss, Bend Space, Banish,
Corrupt, Enter the Abyss


You were on level 11 of the Dungeon.
You worshipped Lugonu.
Lugonu was extremely pleased with you.
You visited 3 branches of the dungeon, and saw 13 of its levels.
You visited the Abyss 1 time.

You collected 529 gold pieces.
You spent 188 gold pieces at shops.

Inventory:

Hand Weapons
 b - a +2 dagger of venom
   (You took it off a kobold on level 3 of the Dungeon)
 s - a +2 vorpal halberd (weapon)
   (You took it off Maggie on level 7 of the Dungeon)
 H - a +4 spear of freezing
   (You took it off a wight on level 9 of the Dungeon)
Missiles
 f - a throwing net {!f}
 h - a curare-tipped dart (quivered)
 l - 55 poisoned darts
Armour
 m - a scarf of resistance (worn)
   (You found it on level 2 of the Dungeon)
 q - a +1 scale mail of fire resistance
   (You found it on level 2 of the Dungeon)
 x - a +1 scale mail of cold resistance
   (You found it on level 5 of the Dungeon)
 z - +0 swamp dragon scales (worn)
   (You took it off Maggie on level 7 of the Dungeon)
 E - a +0 pair of gloves (worn)
   (You bought it in a shop on level 8 of the Dungeon)
 F - a +0 buckler (worn)
   (You bought it in a shop on level 8 of the Dungeon)
Jewellery
 a - a ring of protection from fire (left hand)
   (You found it on level 7 of the Dungeon)
 g - an amulet of reflection (around neck)
   (You found it on level 1 of the Dungeon)
 k - a +6 ring of dexterity (right hand)
   (You found it on level 4 of the Dungeon)
 v - a ring of wizardry
   (You found it on level 6 of the Dungeon)
Wands
 n - a wand of digging (5) {@v3}
   (You found it on level 2 of the Dungeon)
 p - a wand of mindburst (1)
   (You found it on level 3 of the Dungeon)
 w - a wand of flame (20) {@v4}
   (You found it on level 5 of the Dungeon)
 y - a wand of iceblast (17) {@v2}
   (You found it on level 9 of the Dungeon)
 D - a wand of acid (7) {@v1}
   (You found it on level 7 of the Dungeon)
Scrolls
 c - a scroll of amnesia
 d - 2 scrolls of fear {!r}
 i - a scroll of fog {!r}
 j - 2 scrolls of magic mapping {@r5 !r}
 t - a scroll of identify {@r1}
 G - a scroll of immolation {unknown}
Potions
 e - a potion of attraction
 o - 6 potions of curing {@q1 !q}
 r - 2 potions of lignification {@q6}
 u - a potion of magic
 A - 4 potions of flight {unknown}
 B - a potion of might {unknown}
 C - a potion of mutation {unknown}
 J - a potion of heal wounds {@q2 !q}
Miscellaneous
 I - a tin of tremorstones (inert)
   (You found it on level 9 of the Dungeon)


   Skills:
 + Level 5.0 Fighting
 - Level 16.0 Polearms
 + Level 4.3 Armour
 - Level 1.1 Dodging
 - Level 2.4 Shields
 + Level 4.6 Invocations


You had 10 spell levels left.
You didn't know any spells.
Your spell library contained the following spells:

 Spells                   Type           Power        Failure   Level
 Animate Skeleton         Necr           0%           50%         1
 Pain                     Necr           0%           50%         1
 Vampiric Draining        Necr           0%           86%         3
 Animate Dead             Necr           0%           99%         4
 Agony                    Necr           0%           100%        5


Dungeon Overview and Level Annotations

Branches:
Dungeon (11/15)            Temple (1/1) D:4            Lair (1/6) D:10
    Orc (0/2) D:10

Altars:
Ashenzari
Cheibriados
Dithmenos
Fedhas
Gozag
Hepliaklqana
Kikubaaqudgha
Nemelex Xobeh
Ru
Uskayaw
Vehumet
Wu Jian
Zin
Jiyva

Shops:
D:5 :   D:6 (   D:8 [

Annotations:
D:5 !slime creatures
D:9 exclusion: 3 doors


Innate Abilities, Weirdness & Mutations

You cannot be hasted, slowed, berserked, paralysed or teleported.
You can dig through walls and to a lower floor.
Your four strong arms can wield two-handed weapons with a shield.
You have a pair of large antennae on your head. (SInv)


Message History

You continue taking off your +1 scale mail of fire resistance. x4
You finish taking off your +1 scale mail of fire resistance.
You feel less resistant to fire.
You start putting on your armour.
You continue putting on your +0 swamp dragon scales. x5
You finish putting on your +0 swamp dragon scales.
Drop what? 36/52 slots (_ for help) (? for menu, Esc to quit)
Okay, then.
You're wearing all the rings you can.
Remove which one? (? for menu, Esc to cancel) < or
k - a +6 ring of dexterity; > or
v - a ring of wizardry You remove your +6 ring of dexterity.
You feel clumsy.
a - a ring of protection from fire (left hand) Unknown command.
You're wearing all the rings you can.
Remove which one? (? for menu, Esc to cancel) < or
a - a ring of protection from fire; > or
v - a ring of wizardry You remove your ring of wizardry.
You feel agile.
k - a +6 ring of dexterity (right hand)
You climb downwards.
There is a stone staircase leading up here.
The boulder beetle leaps!
You block the boulder beetle's attack.
You climb upwards.
There is a stone staircase leading down here.
You hit the boulder beetle.
The boulder beetle is lightly wounded.
You puncture the boulder beetle!
The boulder beetle is moderately wounded.
The boulder beetle bites you!!
You barely miss the boulder beetle.
The boulder beetle is moderately wounded.
The boulder beetle bites you but does no damage.
You hit the boulder beetle but do no damage.
The boulder beetle is moderately wounded.
You hit the boulder beetle.
The boulder beetle is moderately wounded.
You block the boulder beetle's attack.
You hit the boulder beetle but do no damage.
The boulder beetle is moderately wounded.
The boulder beetle leaps!
You climb downwards.
There is a stone staircase leading up here.
You start resting.
A meliai zombie is nearby!
You slice the meliai zombie!!
The meliai zombie is heavily damaged.
The meliai zombie hits you. x2
You slice the meliai zombie!!
The meliai zombie is severely damaged.
You block the meliai zombie's attack. The meliai zombie hits you.
You slash the meliai zombie!
You destroy the meliai zombie!
You start resting.
HP restored.
A bullfrog comes into view.
The bullfrog moves out of view.
Found a stone staircase leading up.
You reach to attack!
You closely miss the bullfrog. You slash the bullfrog!
The bullfrog is almost dead.
You block the bullfrog's attack.
You hit the bullfrog.
You kill the bullfrog!
Your Fighting skill increases to level 5!
No target in view!
You see here a bullfrog corpse.
A boulder beetle comes into view.
Found 17 gold pieces.
The boulder beetle curls into a ball and begins rolling!
A shadow comes into view.
You block the boulder beetle's attack.
The boulder beetle stops rolling and uncurls.
The boulder beetle bites you!
You see here a bullfrog corpse.
The shadow slips into darkness.
The shadow flickers and vanishes for a moment.
The boulder beetle curls into a ball and begins rolling!
There is a stone staircase leading up here.
The boulder beetle hits you!!!
Ouch! That really hurt!
* * * LOW HITPOINT WARNING * * *
The boulder beetle stops rolling and uncurls.
The boulder beetle curls into a ball and begins rolling!
There is a stone staircase leading up here.
Reach: s) +2 halberd (vorpal)
Press: ? - help, Dir - move target, f - boulder beetle
Aim: a boulder beetle (about 9% to evade your +2 vorpal halberd)
You reach to attack!
You hit the boulder beetle but do no damage.
Reach: s) +2 halberd (vorpal)
Press: ? - help, Dir - move target, f/p - boulder beetle
Aim: a boulder beetle (about 9% to evade your +2 vorpal halberd)
You reach to attack!
You slash the boulder beetle!
The boulder beetle is moderately wounded.
The boulder beetle hits you!!!
Ouch! That really hurt!
You die...

##. .. .. #.
#.### .. ...
# #. #.# .
#.#. #@#
#.#.#.# #B#
#......## #W#
#.......###.#
#..<.....†..#
#.......#####
#$.....##
#..##.# .# #.


You could see a boulder beetle and a shadow (invisible).

Vanquished Creatures
  A two-headed ogre (D:9)
  A deep elf pyromancer (D:8)
  A cyclops (D:9)
  A black mamba (Lair:1)
  Joseph (D:7)
  A cane toad (Lair:1)
  Psyche (D:8)
  Maggie (D:7)
  A troll (D:9)
  A hornet (D:10)
  A meliai zombie (D:11)
  8 yaks
  3 wyverns
  4 water moccasins
  2 ice beasts
  An orc warrior (D:8)
  6 black bears
  3 sky beasts
  4 ogres
  3 centaurs
  A phantom (D:8)
  2 kobold brigands (D:6)
  6 bullfrogs
  A gnoll sergeant (D:8)
  Blork the orc (D:4)
  A wyvern skeleton (D:7)
  2 scorpions
  7 killer bees
  3 howler monkeys (D:6)
  14 wights
  2 centaur zombies
  2 bullfrog zombies
  2 hounds
  6 jellies
  8 orc priests
  Ijyb (Temple)
  A bullfrog skeleton (D:9)
  Terence (D:2)
  2 iguanas
  9 orc wizards
  8 worker ants
  A hound zombie (D:7)
  3 worker ant zombies
  4 gnolls
  13 adders
  A river rat (D:6)
  2 shadow imps
  4 white imps
  3 ufetubi
  6 oozes (D:6)
  An adder zombie (D:5)
  4 worms
  2 adder skeletons
  2 dart slugs
  4 leopard geckos
  40 orcs
  13 bats
  5 giant cockroaches
  7 goblins
  9 hobgoblins
  9 jackals
  5 quokkas
  3 frilled lizards
  13 kobolds
  A quokka skeleton (D:7)
  11 rats
291 creatures vanquished.

Vanquished Creatures (others)
  Sigmund (D:6)
  A jelly (D:8)
  A leopard gecko (D:3)
  A jackal (Temple)
  35 fungi
  28 plants (D:10)
  4 toadstools (D:6)
71 creatures vanquished.

Grand Total: 362 creatures vanquished

Notes
Turn   | Place    | Note
-------+----------+-------------------------------------------
     0 | Abyss:1  | rednaxela the Formicid Abyssal Knight began the quest for
                  | the Orb.
     0 | Abyss:1  | Reached XP level 1. HP: 18/18 MP: 2/2
    31 | D:1      | Escaped the Abyss
    33 | D:1      | Found a snail-covered altar of Cheibriados.
   101 | D:1      | Reached skill level 3 in Polearms
   101 | D:1      | Reached XP level 2. HP: 5/24 MP: 3/3
   600 | D:1      | Reached XP level 3. HP: 29/29 MP: 4/4
  1105 | D:2      | Found a hazy altar of Hepliaklqana.
  1155 | D:2      | Reached ** piety under Lugonu
  1243 | D:2      | Reached skill level 4 in Polearms
  1243 | D:2      | Reached XP level 4. HP: 33/35 MP: 5/5
  1249 | D:2      | Noticed Terence
  1262 | D:2      | Killed Terence
  1511 | D:2      | Reached XP level 5. HP: 33/41 MP: 6/6
  1741 | D:2      | Reached skill level 5 in Polearms
  2388 | D:3      | Reached *** piety under Lugonu
  2541 | D:4      | Found a sparkling altar of Nemelex Xobeh.
  2545 | D:4      | Found a radiant altar of Vehumet.
  2677 | D:4      | Reached XP level 6. HP: 37/47 MP: 7/7
  2949 | D:4      | Found a staircase to the Ecumenical Temple.
  2984 | Temple   | Entered the Ecumenical Temple
  3034 | D:4      | Reached skill level 6 in Polearms
  3053 | D:4      | Noticed Ijyb
  3198 | Temple   | Killed Ijyb
  4029 | D:4      | Noticed Blork the orc
  4042 | D:4      | Killed Blork the orc
  4169 | D:4      | Reached skill level 7 in Polearms
  4169 | D:4      | Reached XP level 7. HP: 45/52 MP: 8/8
  4417 | D:5      | Entered Level 5 of the Dungeon
  4480 | D:5      | Found an ancient bone altar of Kikubaaqudgha.
  4912 | D:5      | Found a blossoming altar of Fedhas.
  4941 | D:5      | Found a sacrificial altar of Ru.
  5664 | D:5      | Reached skill level 8 in Polearms
  5882 | D:5      | Reached XP level 8. HP: 58/58 MP: 9/9
  5958 | D:5      | Found Offeuwn's Book Boutique.
  6147 | D:5      | Reached skill level 9 in Polearms
  6525 | D:6      | Found Taumn's Weapon Emporium.
  6991 | D:6      | Noticed Sigmund
  7005 | D:6      | Killed Sigmund
  7546 | D:6      | Reached skill level 10 in Polearms
  8277 | D:6      | Noticed a slime creature
  8529 | D:6      | Reached XP level 9. HP: 56/64 MP: 10/10
  8582 | D:6      | Found a shadowy altar of Dithmenos.
  9262 | D:6      | Found a blossoming altar of Fedhas.
  9325 | D:6      | Noticed a slime creature
  9334 | D:6      | Reached skill level 11 in Polearms
  9641 | D:6      | Reached **** piety under Lugonu
 10061 | D:7      | Noticed Maggie
 10066 | D:7      | Killed Maggie
 10185 | D:7      | Noticed Joseph
 10202 | D:7      | Killed Joseph
 10203 | D:7      | Reached skill level 12 in Polearms
 11278 | D:8      | You fall into a shaft and drop 1 floor!
 11301 | D:9      | Reached XP level 10. HP: 65/70 MP: 11/11
 11321 | D:9      | Reached skill level 13 in Polearms
 11457 | D:8      | Found Plog's Antique Armour Boutique.
 11479 | D:8      | Bought a pair of gloves for 94 gold pieces
 11479 | D:8      | Bought a buckler for 94 gold pieces
 11518 | D:8      | Reached skill level 1 in Shields
 11719 | D:8      | Noticed a deep elf pyromancer
 11730 | D:8      | Killed a deep elf pyromancer
 11731 | D:8      | Reached skill level 2 in Shields
 12116 | D:8      | Found an ornate altar of the Wu Jian Council.
 12296 | D:8      | Reached ***** piety under Lugonu
 12317 | D:8      | Reached skill level 14 in Polearms
 12433 | D:8      | Noticed Psyche
 12449 | D:8      | Killed Psyche
 12620 | D:8      | Found a viscous altar of Jiyva.
 13691 | D:9      | Found an opulent altar of Gozag.
 13702 | D:9      | Noticed a cyclops
 13703 | D:9      | Noticed a two-headed ogre
 14041 | D:9      | Killed a cyclops
 14042 | D:9      | Reached XP level 11. HP: 67/75 MP: 12/12
 14065 | D:9      | Killed a two-headed ogre
 14066 | D:9      | Reached skill level 15 in Polearms
 14208 | D:10     | Entered Level 10 of the Dungeon
 14774 | D:10     | Found a staircase to the Lair.
 14893 | D:9      | Reached skill level 16 in Polearms
 15024 | D:9      | Reached skill level 1 in Dodging
 15387 | Lair:1   | Entered Level 1 of the Lair of Beasts
 15424 | Lair:1   | Reached skill level 3 in Invocations
 15432 | Lair:1   | HP: 1/76 [cane toad (16)]
 15446 | Lair:1   | Reached skill level 4 in Fighting
 15446 | Lair:1   | Reached skill level 3 in Armour
 15899 | D:10     | Reached skill level 4 in Invocations
 16010 | D:10     | Found a staircase to the Orcish Mines.
 16227 | D:11     | Reached skill level 4 in Armour
 16348 | D:11     | Noticed a boulder beetle
 16557 | D:11     | Reached skill level 5 in Fighting
 16558 | D:11     | Noticed a boulder beetle
 16572 | D:11     | Annihilated by a boulder beetle

Illustrated notes

Levels and vault maps discovered:
D:1:      dpeg_arrival_tiny_j, layout_basic, cheibriados_altar_1
D:2:      layout_basic, nzn_hepliaklqana_mist_gate, kennysheep_generic_room_16,
          uniq_terence
D:3:      layout_basic
D:4:      layout_basic, fiery_altar_vehumet, overflow_temple_1_default,
          minmay_temple_entry_wispy, serial_rivers,
          chequers_serial_rivers_small_b, chequers_serial_rivers_micro_d,
          chequers_serial_rivers_marsh, chequers_serial_rivers_room_a,
          uniq_ijyb, uniq_blork_the_orc
D:5:      minmay_skewed_foursquare, layout_rooms, kennysheep_mini_moat,
          kennysheep_mini, lemuel_crystal_altar, serial_shops, shop_statue,
          minivault_4, nrook_mini_vaults
D:6:      cheibrodos_fertilizer, layout_loops_ring, kennysheep_little_box,
          gup_sewer_entry_bubbles, serial_shops, shop, fedhas_altar_4,
          uniq_sigmund
D:7:      layout_basic, uniq_joseph, uniq_maggie
D:8:      layout_basic, marbit_many_paths, serial_shops, shop_coins,
          jiyva_altar_1, uniq_psyche
D:9:      layout_rooms, general_overflow_altar, zaba_antful_of_joy
D:10:     layout_rooms, due_lair_maze_entry_diamond, orc_0_dummy
D:11:     layout_loops_ring, ebering_ghost_inner_flame, uniq_sonja
Temple:   dshaligram_water_room_temple
Lair:1:   dpeg_oklob_gauntlet, layout_loops_ring, infiniplex_staircase_pool

Skill      XL: |  1  2  3  4  5  6  7  8  9 10 11 |
---------------+----------------------------------+-----
Polearms       | 3 4 5 7 8 10 12 14 16 | 16.0
Shields        | 2 |  2.4
Dodging        | 1 |  1.1
Invocations    | 4 |  4.6
Fighting       | 5 |  5.0
Armour         | 4 |  4.3

Action                   |  1- 3 |  4- 6 |  7- 9 | 10-12 || total
-------------------------+-------+-------+-------+-------++-------
Melee: Spear             |   108 |   259 |       |    12 ||   379
       Trident           |       |    28 |   152 |       ||   180
       Dagger            |       |       |   207 |       ||   207
       Halberd           |       |       |    63 |   436 ||   499
       Unarmed           |       |       |       |     1 ||     1
Throw: Dart              |       |     7 |     3 |     3 ||    13
Invok: Bend Space        |       |       |     1 |       ||     1
Evoke: Wand              |       |       |     9 |     3 ||    12
       Tin of tremorston |       |       |       |     2 ||     2
  Use: Scroll            |     3 |     2 |    10 |     1 ||    16
       Potion            |       |       |     3 |     1 ||     4
Armor: Leather armour    |     9 |       |       |       ||     9
       Ring mail         |    14 |       |       |       ||    14
       Scale mail        |     4 |    84 |    93 |       ||   181
       Swamp dragon scal |       |       |    11 |    57 ||    68
Dodge: Dodged            |    46 |    84 |   135 |   116 ||   381
Block: Other             |    13 |    54 |    72 |     2 ||   141
       Reflection        |     1 |     2 |     4 |     3 ||    10
       Buckler           |       |       |       |   127 ||   127

Table legend: (Time is in decaauts)
 A = Elapsed time spent in this place.
 B = Non-inter-level travel time spent in this place.
 C = Inter-level travel time spent in this place.
 D = Time resting spent in this place.
 E = Time spent auto-exploring this place.
 F = Levels seen in this place.
 G = Mean time per level.
                   A        B        C        D        E       F      G
               +--------+--------+--------+--------+--------+-----+--------+
         Total |  16422 |  15690 |    732 |   4205 |   8330 |  14 | 1173.0 |
       Dungeon |  15630 |  14898 |    732 |   3529 |   8316 |  11 | 1420.9 |
        Temple |    425 |    425 |      0 |    384 |      0 |   1 |  425.0 |
          Lair |    335 |    335 |      0 |    292 |      0 |   1 |  335.0 |
         Abyss |     31 |     31 |      0 |      0 |     14 |   1 |   31.0 |
               +--------+--------+--------+--------+--------+-----+--------+

Top non-repeatable levels by time:
     D:5: 2389 daAuts
     D:6: 2273 daAuts
     D:4: 2195 daAuts
     D:9: 2017 daAuts
     D:8: 1771 daAuts
     D:7: 1396 daAuts
     D:2: 1043 daAuts
    D:10: 892 daAuts
     D:1: 810 daAuts
     D:3: 627 daAuts
  Temple: 425 daAuts
  Lair:1: 335 daAuts
    D:11: 212 daAuts
 Abyss:1: 31 daAuts
